AoeStats
← YoYoJin

Arabia

509456022Analyzed
1v1 RM · 5d ago on Sep 26, 2026· 35m 27s· 2 players
Game mode
Random Map
Map size
Tiny (2 player)
Population
200
Speed
Normal
Resources
Standard
Victory
Conquest
Starting age
Dark Age
Ending age
Imperial Age
RankedLock teamsTeams togetherTeam positionsShared explorationLock speedFull tech treeHidden civsTurbo modeCheats
Victory
Defeat
🇷🇺 Tatars · Russia
1294
+19
🇨🇦 Tupi · Canada
1359
-19
nogioski
7:30 Loom
10:03 Feudal Age
14:56 Castle Age
20:27 Double-Bit Axe
25:30 Fletching
26:59 Stone Mining
29:06 Bodkin Arrow
30:59 Ballistics
YoYoJin
6:50 Loom
9:20 Feudal Age
10:38 Double-Bit Axe
16:47 Wheelbarrow
16:43 Horse Collar
17:15 Fletching
17:48 Town Watch
20:53 Castle Age
19:43 Padded Archer Armor
20:27 Gold Mining
20:59 Crossbowman
21:44 Bodkin Arrow
22:49 Husbandry
23:40 Bow Saw
27:18 Hand Cart
28:59 Ballistics
29:34 Bloodlines
30:29 Leather Archer Armor
33:04 Heavy Plow
Connection lost

Rejoining the realm…

Still unreachable

The connection could not be restored.

Session expired

The server has moved on; the page needs a fresh start.